 Dungeon Crawl Stone Soup version 0.18-a0-884-gb6cfd45 (webtiles) character file.

1015 cluie the Chiller (level 8, -1/60 HPs)
             Began as a Demonspawn Ice Elementalist on Dec 22, 2015.
             Was an Initiate of Gozag.
             Slain by a wight
             ... wielding a +2 battleaxe
              (2 damage)
             ... on level 6 of the Dungeon.
             The game lasted 00:15:21 (5346 turns).

cluie the Chiller (Demonspawn Ice Elementalist)     Turns: 5346, Time: 00:15:21

Health: -1/60      AC: 14    Str: 16    XL:     8   Next: 1%
Magic:  20/23      EV: 13    Int: 18    God:    Gozag
Gold:   652        SH:  3    Dex: 14    Spells: 4 memorised, 3 levels left

rFire  x . .     SeeInvis .     a - +6 war axe of Juuq {venom, Str+7}
rCold  + . .     Gourm    .     O - +0 leather armour (curse)
rNeg   . . .     Faith    .     (no shield)
rPois  .         Spirit   .     f - +0 helmet
rElec  .         Dismiss  .     (no cloak)
rCorr  .         Reflect  .     H - +0 pair of gloves (curse)
SustAt .         Harm     +     (boots unavailable)
MR     .....                    G - amulet of harm
Stlth  +.........               s - ring of ice
                                k - ring of magical power

@: icy armour, very slightly contaminated, drained, not resistant to hostile
enchantments, very unstealthy
A: hooves 3, large bone plates 2
a: Potion Petition, Call Merchant, Bribe Branch, Renounce Religion


You were on level 6 of the Dungeon.
You worshipped Gozag.
Gozag was noncommittal.
You were hungry.

You visited 1 branch of the dungeon, and saw 6 of its levels.

You collected 681 gold pieces.
You paid 29 gold pieces to Gozag.

Inventory:

Hand Weapons
 a - the +6 war axe of Juuq (weapon) {venom, Str+7}
   (You found it on level 4 of the Dungeon)

   It poisons the flesh of those it strikes.
   It affects your strength (+7).
 b - a +0 blowgun
Missiles
 A - 35 poisoned needles
Armour
 f - a +0 helmet (worn)
 H - a cursed +0 pair of gloves (worn)
 O - a cursed +0 leather armour (worn)
Jewellery
 k - a ring of magical power (left hand)
 s - a ring of ice (right hand)
 u - a +3 ring of dexterity
 w - an uncursed ring of fire
 y - an uncursed ring of positive energy
 G - an amulet of harm (around neck)
Wands
 t - a wand of slowing (32/48)
 K - a wand of hasting (5/9)
 P - a wand of confusion (23/48)
Scrolls
 e - 3 scrolls of amnesia
 p - 4 scrolls of teleportation {unknown}
 q - a scroll of noise {unknown}
 x - 2 scrolls of fog {unknown}
 E - a scroll of recharging {unknown}
 J - a scroll of remove curse {unknown}
Potions
 d - 2 potions of cancellation
 g - 2 potions of mutation
 h - 2 potions of agility
 j - 2 potions of curing {unknown}
 l - 2 potions of cure mutation {unknown}
 m - a potion of heal wounds {unknown}
 r - 2 potions of poison {unknown}
 B - a potion of might {unknown}
 C - a potion of beneficial mutation {unknown}
 D - 2 potions of haste {unknown}
 I - a potion of berserk rage {unknown}
 L - a potion of flight {unknown}
 M - a potion of brilliance {unknown}
Books
 z - a book of Frost

   Spells                             Type                      Level
   a - Freeze                         Ice                          1
   b - Throw Frost                    Conjuration/Ice              2
   c - Ozocubu's Armour               Charms/Ice                   3
   d - Throw Icicle                   Conjuration/Ice              4
   e - Summon Ice Beast               Ice/Summoning                4
   f - Condensation Shield            Ice                          4
 N - a book of Minor Magic

   Spells                             Type                      Level
   a - Magic Dart                     Conjuration                  1
   b - Blink                          Translocation                2
   c - Call Imp                       Summoning                    2
   d - Repel Missiles                 Charms/Air                   2
   e - Slow                           Hexes                        2
   f - Conjure Flame                  Conjuration/Fire             3
   g - Mephitic Cloud                 Conjuration/Poison/Air       3
Comestibles
 c - 4 bread rations
 i - a royal jelly
 n - a beef jerky
 o - 3 meat rations
 v - a slice of pizza


   Skills:
 + Level 3.9(2.9) Fighting
 + Level 4.1(3.1) Dodging
 - Level 1.7(0.8) Stealth
 + Level 4.2(3.2) Spellcasting
 + Level 2.4(1.4) Conjurations
 - Level 2.0(1.0) Summonings
 + Level 5.0(4.0) Ice Magic


You had 3 spell levels left.
You knew the following spells:

 Your Spells              Type           Power        Failure   Level  Hunger
a - Freeze                Ice            ####         4%          1    None
b - Ozocubu's Armour      Chrm/Ice       ###.....     30%         3    ###....
c - Summon Ice Beast      Ice/Summ       ###.....     78%         4    ####...
d - Throw Icicle          Conj/Ice       ###.....     67%         4    ####...


Dungeon Overview and Level Annotations

Branches:
Dungeon (6/15)             Temple (0/1) D:4

Altars:
Elyvilon
Gozag
Makhleb
Ru
Sif Muna
Zin

Annotations:
D:4 Dowan


Innate Abilities, Weirdness & Mutations

You have hooves in place of feet.
You are mostly covered in large bone plates (AC +3, SH +3).


Message History

The wight barely misses you.
You barely miss the wight.
The jelly quivers.
You kick the wight, but do no damage.
The wight is severely damaged.
The wight misses you.
You barely miss the wight. You kick the wight.
The wight is severely damaged.
You block the wight's attack.
You closely miss the wight.
The wight is severely damaged.
The wight hits you with an enchanted battleaxe.
* * * LOW HITPOINT WARNING * * *
You feel drained.
* * * LOW HITPOINT WARNING * * *
The wight hits you with an enchanted battleaxe!
* * * LOW HITPOINT WARNING * * *
You feel drained.
You die...
Your body crumbles into a pile of gold.

#### #...# ##
.....########### ..
...............#.####.
#........####..........
###..........###z#...z....
. ............##@###.##.#.
# #..#####....##.# .#
###.##...##....#.# #
##..#..≈..#..#)#.#
##..#.§≈≈§#.##.#J#
##..#.≈≈§.#.#.#..#
....#.≈≈§.#..###>##
###.#..≈§.#.## ##.#
###.##§..##..###.##


You could see a jelly and a wight.

Vanquished Creatures
  Duvessa (D:4)
  An ice beast (D:5)
  A centaur (D:6)
  3 scorpions
  2 wights (D:6)
  A giant frog skeleton (D:5)
  A crimson imp (D:6)
  An iguana (D:5)
  2 orc priests (D:4)
  A centaur skeleton (D:5)
  An orc wizard (D:4)
  A worker ant (D:6)
  A killer bee zombie (D:4)
  A hound zombie (D:4)
  2 hound skeletons (D:4)
  10 adders
  2 oozes
  An adder skeleton (D:4)
  An adder zombie (D:5)
  6 worms
  A giant gecko (D:4)
  7 orcs
  2 ball pythons
  5 bats
  6 giant cockroaches
  9 hobgoblins
  6 jackals
  6 kobolds
  5 quokkas
  2 giant gecko skeletons (D:4)
  2 giant newts
  6 goblins
  2 quokka skeletons
  A quokka zombie (D:5)
  10 rats
110 creatures vanquished.

Notes
Turn   | Place    | Note
--------------------------------------------------------------
     0 | D:1      | cluie the Demonspawn Ice Elementalist began the quest for the Orb.
     0 | D:1      | Reached XP level 1. HP: 13/13 MP: 3/3
   264 | D:1      | Gained mutation: You have large cloven feet. [demonic ancestry]
   264 | D:1      | Reached XP level 2. HP: 20/20 MP: 5/5
   267 | D:1      | Reached skill level 3 in Ice Magic
   268 | D:1      | Upgraded the game from 0.18-a0-875-ga513d27 to 0.18-a0-884-gb6cfd45
   844 | D:1      | Gained mutation: You have hoof-like feet. [demonic ancestry]
   844 | D:1      | Reached XP level 3. HP: 20/25 MP: 6/6
  1290 | D:2      | Learned a level 3 spell: Ozocubu's Armour
  1459 | D:2      | Reached skill level 1 in Fighting
  1494 | D:2      | Gained mutation: You are partially covered in large bone plates (AC +2, SH +2). [demonic ancestry]
  1494 | D:2      | Reached XP level 4. HP: 27/32 MP: 7/7
  1541 | D:2      | Found an opulent altar of Gozag.
  1542 | D:2      | Found a glowing silver altar of Zin.
  1572 | D:2      | Became a worshipper of Gozag Ym Sagoz the Greedy
  2068 | D:3      | Found a white marble altar of Elyvilon.
  2120 | D:3      | Reached skill level 4 in Ice Magic
  2120 | D:3      | Reached XP level 5. HP: 35/38 MP: 9/9
  2386 | D:3      | Learned a level 4 spell: Summon Ice Beast
  2664 | D:4      | Found a sacrificial altar of Ru.
  2691 | D:4      | Noticed Duvessa
  2693 | D:4      | Noticed Dowan
  2732 | D:4      | Killed Duvessa
  2732 | D:4      | Reached skill level 1 in Summonings
  3008 | D:4      | Got a pitted spear
  3009 | D:4      | Identified the +4 spear "Peawkera" {drain, +Inv MR+ Stlth+} (You found it on level 4 of the Dungeon)
  3026 | D:4      | Reached XP level 6. HP: 41/46 MP: 10/10
  3238 | D:4      | Found a burning altar of Makhleb.
  3253 | D:4      | Found a staircase to the Ecumenical Temple.
  3614 | D:4      | Got an ancient war axe
  3615 | D:4      | Identified the +6 war axe of Juuq {venom, Str+7} (You found it on level 4 of the Dungeon)
  3743 | D:4      | Gained mutation: You have hooves in place of feet. [demonic ancestry]
  3743 | D:4      | Reached XP level 7. HP: 52/52 MP: 12/12
  3810 | D:4      | Found a deep blue altar of Sif Muna.
  3875 | D:5      | Entered Level 5 of the Dungeon
  4142 | D:5      | Learned a level 4 spell: Throw Icicle
  5269 | D:6      | Reached skill level 5 in Ice Magic
  5339 | D:6      | Gained mutation: You are mostly covered in large bone plates (AC +3, SH +3). [demonic ancestry]
  5339 | D:6      | Reached XP level 8. HP: 26/60 MP: 14/14
  5346 | D:6      | HP: 1/60 [wight/enchanted battleaxe (8)]
  5346 | D:6      | Slain by a wight

Vault maps used:
D:1:      saegor_arrival_simple_b, serial_forest, infiniplex_forest_lined_1,
          infiniplex_forest_lined_room_2, infiniplex_forest_fountain,
          infiniplex_forest_fountain, infiniplex_forest_zigzag_2,
          infiniplex_forest_clump_diagonal
D:2:      kennysheep_six_static_rooms, grunt_temple_overflow_gold_and_silver
D:3:      elyvilon_altar_1
D:4:      kennysheep_mini, led_sif_pool, temple_doors_c,
          nicolae_ru_the_path_less_chosen, uniq_duvessa
D:5:      first_bread
D:6:      minmay_fire_ice_demons

Action                   |  1- 3 |  4- 6 |  7- 9 || total
-------------------------+-------+-------+-------++-------
Melee: Whip              |    89 |    80 |       ||   169
       Spear             |       |    48 |       ||    48
       War axe           |       |     1 |    56 ||    57
 Cast: Freeze            |    54 |    48 |    10 ||   112
       Ozocubu's Armour  |     1 |       |     2 ||     3
Evoke: Wand              |       |       |     1 ||     1
  Use: Scroll            |       |       |     5 ||     5
 Stab: Sleeping          |     3 |     7 |       ||    10
       Distracted        |       |     1 |       ||     1
  Eat: Chunk             |     3 |     1 |       ||     4
       Bread ration      |       |     1 |     1 ||     2
       Royal jelly       |       |     1 |       ||     1
